 Dungeon Crawl Stone Soup version 0.30-a0-912-ge10d75a369 (webtiles) character file.

Game seed: 2660761003593889241

278903 svtm the Hoplite (level 19, -2/184 HPs)
             Began as a Minotaur Fighter on Mar 18, 2023.
             Was the Champion of Okawaru.
             Shot with a bolt by a yaktaur (7 damage)
             ... led by a vault warden
             ... on level 4 of the Vaults on Mar 19, 2023.
             The game lasted 02:33:51 (32909 turns).

svtm the Hoplite (Minotaur Fighter)                Turns: 32909, Time: 02:33:52

Health: -2/184     AC: 31    Str: 37    XL:     19   Next: 64%
Magic:  17/17      EV: 18    Int:  9    God:    Okawaru [******]
Gold:   3526       SH: 32    Dex: 12    Spells: 18/18 levels left

rFire   . . .      SeeInvis +    A - +6 demon trident (flame)
rCold   . . .      Faith    .    E - +10 kite shield "Kyom Byli" {rPois Int+4}
rNeg    . . .      Spirit   .    d - +18 Lear's hauberk
rPois   +          Reflect  +    (helmet currently unavailable)
rElec   .          Rampage  .    Q - scarf of the Golden Stag {+Inv, Regen+ Str+4}
rCorr   .                        (gloves currently unavailable)
Will    +....                    (boots currently unavailable) Stlth
                                 g - amulet of reflection
HPRegen 1.30/turn                j - +6 ring of strength
MPRegen 0.15/turn                D - +5 ring of evasion

@: marked, slowed, studying Axes, very slow
A: horns 2, retaliatory headbutt, see invisible, low MP 1
}: 2/15 runes: decaying, gossamer
a: Renounce Religion, Evoke Invisibility, Heroism, Finesse, Duel


You were on level 4 of the Vaults.
You worshipped Okawaru.
Okawaru was exalted by your worship.
You visited 7 branches of the dungeon, and saw 32 of its levels.
You also visited: Gauntlet.

You collected 4011 gold pieces.
You spent 485 gold pieces at shops.

Inventory:

Hand Weapons
 e - the +7 glaive "Setumig" {distort, rN+ Will+ Str+6 Stlth+}
   (You took it off a minotaur in a Gauntlet)

   Str:       It affects your strength (+6).
   rN:        It protects you from negative energy.
   Will:      It increases your willpower.
   Stlth:     It makes you more stealthy.
 A - a +6 demon trident of flaming (weapon)
Missiles
 l - 43 poisoned darts
 n - 5 silver javelins
 J - 8 atropa-tipped darts
 O - 19 javelins (quivered)
 S - 6 curare-tipped darts
Armour
 d - the +18 Lear's hauberk (worn)
   (You acquired it on level 3 of the Spider Nest)
 o - a +2 cloak
 q - a +1 pair of boots
 E - the +10 kite shield "Kyom Byli" (worn) {rPois Int+4}
   (You found it in a Gauntlet)

   Int:       It affects your intelligence (+4).
   rPois:     It protects you from poison.
 Q - the scarf of the Golden Stag (worn) {+Inv, Regen+ Str+4}
   (You found it on level 3 of the Spider Nest)

   Str:       It affects your strength (+4).
   Regen:     It increases your rate of health regeneration.
 T - the +7 chain mail "Raysuq" {rF+ Dex+3}
   (You found it on level 11 of the Dungeon)

   Dex:       It affects your dexterity (+3).
   rF:        It protects you from fire.
 V - a +2 hat
 W - a +0 cloak of poison resistance
 Z - a +1 pair of gloves of strength
Jewellery
 g - an amulet of reflection (around neck)
 j - a +6 ring of strength (left hand)
 k - a ring of flight
 y - the ring "Sanav" {rC+ Str+2}
   (You took it off an orc warrior on level 7 of the Dungeon)

   [ring of protection from cold]

   Str:       It affects your strength (+2).
   rC:        It protects you from cold.
 C - a ring of positive energy
 D - a +5 ring of evasion (right hand)
 K - an amulet of regeneration
 U - a ring of protection from fire
 X - a ring of protection from cold
Wands
 f - a wand of polymorph (4)
 t - a wand of light (8)
 x - a wand of mindburst (33)
 G - a wand of flame (23)
 L - a wand of roots (29)
 M - a wand of digging (3)
Scrolls
 a - 3 scrolls of magic mapping
 c - 3 scrolls of fear
 h - 4 scrolls of brand weapon
 m - 8 scrolls of immolation
 p - 5 scrolls of blinking
 r - a scroll of teleportation
 s - 3 scrolls of vulnerability
 H - 3 scrolls of poison
 N - 4 scrolls of fog
Potions
 b - a potion of berserk rage
 i - 17 potions of curing
 u - 4 potions of cancellation
 v - 6 potions of brilliance
 w - 2 potions of might
 z - 6 potions of lignification
 F - 5 potions of haste
 I - 8 potions of ambrosia
 P - 3 potions of magic
 R - a potion of invisibility
 Y - 2 potions of resistance
Miscellaneous
 B - a lightning rod (4/4)


   Skills:
 + Level 19.7 Fighting
 + Level 23.0 Polearms
 + Level 4.6 Throwing
 + Level 15.5 Armour
 + Level 10.0 Dodging
 + Level 3.2 Stealth
 + Level 25.9 Shields
 + Level 2.4 Invocations
 + Level 0.9 Evocations


You had 18 spell levels left.
You didn't know any spells.
Your spell library contained the following spells:

 Spells                   Type           Power      Damage    Failure   Level
 Beastly Appendage        Tmut           0%         N/A       73%         1
 Freeze                   Ice            0%         1d3       73%         1
 Magic Dart               Conj           0%         1d3       73%         1
 Sting                    Tmut/Pois      0%         1d3       73%         1
 Blink                    Tloc           0%         N/A       86%         2
 Ensorcelled Hibernation  Hex/Ice        0%         N/A       86%         2
 Lesser Beckoning         Tloc           0%         N/A       86%         2
 Momentum Strike          Conj/Tloc      0%         3d8       86%         2
 Poisonous Vapours        Pois/Air       0%         N/A       86%         2
 Wereblood                Tmut           0%         N/A       86%         2
 Dazzling Flash           Conj/Hex       0%         N/A       97%         3
 Frozen Ramparts          Ice            0%         1d1       97%         3
 Gell's Gravitas          Tloc           0%         N/A       97%         3
 Hailstorm                Conj/Ice       0%         3d3       97%         3
 Mephitic Cloud           Conj/Pois/Air  0%         N/A       97%         3
 Ozocubu's Armour         Ice            0%         N/A       97%         3
 Portal Projectile        Hex/Tloc       0%         N/A       97%         3
 Spider Form              Tmut/Pois      0%         N/A       97%         3
 Teleport Other           Tloc           0%         N/A       97%         3
 Vampiric Draining        Necr           0%         2d6       97%         3
 Vhi's Electric Charge    Tloc/Air       0%         N/A       97%         3
 Anguish                  Hex/Necr       0%         N/A       100%        4
 Ice Form                 Ice/Tmut       0%         N/A       100%        4
 Manifold Assault         Tloc           0%         N/A       100%        4
 Olgreb's Toxic Radiance  Pois           0%         N/A       100%        4
 Agony                    Necr           0%         N/A       100%        5
 Arcjolt                  Conj/Air       0%         1d10      100%        5
 Blade Hands              Tmut           0%         N/A       100%        5
 Borgnjor's Vile Clutch   Necr/Erth      0%         N/A       100%        5
 Freezing Cloud           Conj/Ice/Air   0%         6-21      100%        5
 Metabolic Englaciation   Hex/Ice        0%         N/A       100%        5
 Silence                  Hex/Air        0%         N/A       100%        5
 Dispersal                Tloc           0%         N/A       100%        6
 Ozocubu's Refrigeration  Ice            0%         4d7       100%        7
 Storm Form               Tmut/Air       0%         N/A       100%        7
 Lehudib's Crystal Spear  Conj/Erth      0%         10d2      100%        8
 Maxwell's Capacitive Co  Air            0%         ∞         100%        8
 Call Imp                 Summ           Unusable   N/A       N/A         2
 Tukima's Dance           Hex            Unusable   N/A       N/A         3
 Summon Lightning Spire   Summ/Air       Unusable   N/A       N/A         4
 Simulacrum               Ice/Necr       Unusable   N/A       N/A         6

Dungeon Overview and Level Annotations

Branches:
Dungeon (15/15)            Temple (1/1) D:4            Lair (2/5) D:10
  Swamp (4/4) Lair:2       Spider (4/4) Lair:2          Orc (2/2) D:12
    Elf (0/3) Orc:2        Vaults (4/5) D:14          Crypt (0/3) Vaults:2
Gauntlet (visited)
 Depths: D:15

Altars:
Ashenzari
Cheibriados
Dithmenos
Elyvilon
Fedhas
Gozag
Hepliaklqana
Kikubaaqudgha
Makhleb
Nemelex Xobeh
Okawaru
Qazlal
Ru
Sif Muna
Trog
Uskayaw
Vehumet
Wu Jian
Xom
Yredelemnul
Zin
The Shining One
Jiyva

Shops:
D:11 *   Orc:2 =[**=   Vaults:2 (!

Annotations:
Spider:1 3 runed translucent doors, Peveen Urom's ghost, adept HOFi
Vaults:1 3 runed translucent doors, Kugyfig's ghost, adept MiBe


Innate Abilities, Weirdness & Mutations

You have a pair of horns on your head.
You reflexively headbutt those who attack you in melee.
You have supernaturally acute eyesight. (SInv)
Your magical capacity is low. (-10% MP)


Message History

The yaktaur wields a +0 arbalest.
The yaktaur shoots a bolt.
The bolt hits you!
* * * LOW HITPOINT WARNING * * *
The sphinx hits you but does no damage. The sphinx completely misses you.
The sphinx hits you but does no damage. The yaktaur misses you.
The yaktaur unwields a +0 arbalest.
The yaktaur hits you but does no damage.
The sphinx hits you but does no damage. x3; The yaktaur misses you.
Things that are here:
a +1 vampiric morningstar; a +0 ring mail; a human corpse You feel better.
The sphinx barely misses you. The sphinx hits you but does no damage.
You block the sphinx's attack. You block the yaktaur's attack.
Strange energies crackle from the ironbound thunderhulk's apparatus.
The ironbound thunderhulk blinks!
You block the yaktaur's attack. The sphinx barely misses you.
You furiously retaliate!
You headbutt the sphinx. The sphinx hits you but does no damage.
The sphinx misses you.
The yaktaur hits you but does no damage.
You hit the sphinx. You burn the sphinx.
The sphinx is moderately wounded.
Electricity crackles from the ironbound thunderhulk's apparatus.
The bolt of lightning misses you. You block the stone giant's attack.
You block the yaktaur's attack. You block the sphinx's attack.
The sphinx hits you but does no damage. The sphinx misses you.
The yaktaur hits you!
* * * LOW HITPOINT WARNING * * *
You puncture the sphinx! You burn the sphinx. You headbutt the sphinx!
The sphinx is heavily wounded.
Electricity crackles from the ironbound thunderhulk's apparatus.
The bolt of lightning hits you!!!
* * * LOW HITPOINT WARNING * * *
You block the stone giant's attack. You block the yaktaur's attack.
The sphinx mumbles some strange words.
Something smites you!
* * * LOW HITPOINT WARNING * * *
Blink to where?
Press: ? - help, Dir - move target
As you read the scroll of blinking, it crumbles to dust.
The yaktaur no longer looks unusually strong.
The yaktaur wields a +0 arbalest.
The yaktaur shoots a bolt.
The bolt hits you!
You die...

..# ###### #...#...#
################## #...#...#
.................# #...#...#
.................####.###.#######
.................##.##'.'##.##...
..............)).#..)#)..#...#...
..............÷.)#..†')).'...#...
############....['[..#)..#...'...
.....# #....@##.##'.'##.##...
.....# #.....####.###.####...
###..# #.....# #...#...# #...
(##..# #.....# #...#...# ####
#.#..# #.....# #...#...# .#...#
#.....# ##.###.## #.#..# #.....#
### #'####### .##..# #..§c.#
#.......# ###..# #.cHC.#
#.......#


You could see a yaktaur.

Vanquished Creatures
  Mara (Vaults:3)
  the Lernaean hydra (Swamp:4)
  Nikola (Swamp:3)
  A golden dragon (Vaults:2)
  2 tentacled monstrosities
  Mlioglotl (Spider:4)
  Asterion (Vaults:1)
  Gastronok (D:11)
  4 sphinxes
  Agnes (Spider:3)
  A thorn hunter (Swamp:3)
  A storm dragon (Vaults:2)
  The ghost of Goaghut the Warrior, an adept KoBe of Trog (Spider:3)
  Donald (Spider:1)
  A fenstrider witch (Swamp:4)
  2 tengu reavers (Vaults:2)
  3 emperor scorpions
  2 fire giants (Vaults:2)
  6 vault wardens
  3 ghost moths (Spider:4)
  3 orc warlords
  5 very ugly things
  2 war gargoyles
  A broodmother (Spider:2)
  11 ironbound preservers
  6 ironbound thunderhulks
  A stone giant (Vaults:1)
  4 bunyips
  2 deep elf demonologists
  3 eleionomae
  A minotaur (Gauntlet)
  5 dire elephants (Vaults:1)
  2 spark wasps (Spider:4)
  A deep elf annihilator (Vaults:2)
  4 ettins (Vaults:2)
  A crystal guardian (Vaults:3)
  5 entropy weavers
  2 deep elf high priests
  7 great orbs of eyes
  A shambling mangrove (Swamp:4)
  11 yaktaur captains
  14 vault guards
  A fire dragon (D:15)
  16 hydras
  2 ogre magi
  10 ironbound frosthearts
  A jorogumo (Spider:3)
  5 boulder beetles
  3 ghost crabs
  A peacekeeper (Vaults:3)
  9 centaur warriors
  4 radroaches
  5 two-headed ogres
  6 alligators
  Urug (D:11)
  A hell hog (Gauntlet)
  A spriggan berserker (Swamp:4)
  5 pharaoh ants
  9 skeletal warriors
  2 goliath frogs (Swamp:1)
  A glowing orange brain (Vaults:4)
  7 orb spiders
  3 bog bodies
  12 swamp dragons
  24 deep trolls
  A tengu zombie (Vaults:1)
  4 wizards
  13 orc knights
  14 ironbound convokers
  An orange crystal statue (D:11)
  9 lindwurms
  8 steelbarb worms
  4 necromancers
  5 harpies (Vaults:4)
  A deep elf pyromancer (D:14)
  21 ugly things
  An orc sorcerer (Orc:1)
  6 cyclopes
  A tengu skeleton (Vaults:2)
  2 will-o-the-wisps
  16 wolf spiders
  2 manticores (D:12)
  5 moths of wrath
  9 elephants (Lair:2)
  3 frost giant skeletons (Vaults:2)
  A stone giant skeleton (Vaults:2)
  A guardian serpent (Vaults:2)
  7 human skeletons
  An eye of devastation (Vaults:2)
  17 vault sentinels
  Maurice (D:10)
  4 demonic crawlers
  5 cane toads
  3 gargoyles
  Psyche (D:8)
  4 torpor snails
  Maggie (D:9)
  2 unseen horrors
  3 komodo dragons
  3 human zombies
  A yaktaur skeleton (Vaults:2)
  2 freezing wraiths
  14 yaktaurs
  A queen bee (shapeshifter) (Vaults:2)
  A bloated husk (Swamp:4)
  A polar bear (Lair:2)
  26 tarantellas
  10 meliai
  9 trolls
  14 hornets
  3 tyrant leeches
  A raiju (shapeshifter) (D:15)
  16 blink frogs
  18 slime creatures
  33 jumping spiders
  3 wraiths
  A ynoxinul (Gauntlet)
  13 spriggans
  4 wyverns
  20 culicivoras
  39 yaks
  3 basilisks
  Grum (D:11)
  8 fire bats
  31 redbacks
  14 vampire mosquitoes
  9 wargs
  5 steam dragons
  An ogre zombie (Vaults:1)
  2 elf skeletons (Vaults:2)
  10 swamp worms
  2 acid dragons
  4 hell hounds
  2 ogre skeletons
  10 water moccasins
  40 orc warriors
  6 sky beasts
  3 black bears
  4 ice beasts
  6 swamp drakes
  6 ogres
  7 wolves
  9 boggarts
  2 phantoms (D:4)
  17 centaurs
  4 kobold brigands
  Blork the orc (D:5)
  4 gnoll sergeants
  4 scorpions
  10 bullfrogs
  8 killer bees
  6 electric eels
  9 howler monkeys
  2 lava snakes (D:11)
  4 hounds
  3 jellies
  14 orc priests
  2 iron imps (Gauntlet)
  A gnoll bouda (D:8)
  20 orc wizards
  4 polar bear simulacra (D:14)
  4 hell rats (Lair:2)
  2 yak simulacra (D:14)
  4 wolf simulacra (D:14)
  23 gnolls
  6 adders
  2 shadow imps
  5 white imps
  A worm (D:4)
  2 dart slugs
  71 orcs
  2 bats
  3 endoplasms
  4 giant cockroaches
  4 goblins
  2 hobgoblins
  6 jackals
  22 kobolds
  3 quokkas
  2 ball pythons (D:4)
  5 frilled lizards
  7 rats
  A river rat simulacrum (D:14)
  3 fire vortices (D:11)
1148 creatures vanquished.

Vanquished Creatures (others)
  A dire elephant (Vaults:1)
  An alligator (Swamp:4)
  An ironbound convoker (Vaults:1)
  A deep elf pyromancer (D:14)
  A wolf spider (Spider:1)
  A manticore (D:13)
  2 bloated husks
  A redback (Spider:4)
  An orc wizard (Orc:1)
  16 foxfires
  54 fungi
  41 plants
  14 withered plants (Gauntlet)
135 creatures vanquished.

Grand Total: 1283 creatures vanquished

Notes
Turn   | Place    | Note
-------+----------+-------------------------------------------
     0 | D:1      | svtm the Minotaur Fighter began the quest for the Orb.
     0 | D:1      | Reached XP level 1. HP: 19/19 MP: 0/0
   166 | D:1      | Reached XP level 2. HP: 27/27 MP: 1/1
   269 | D:1      | Reached skill level 4 in Shields
   301 | D:1      | Found a faded altar of an unknown god.
   674 | D:2      | Reached XP level 3. HP: 30/33 MP: 2/2
  1414 | D:3      | Reached XP level 4. HP: 24/41 MP: 3/3
  1817 | D:4      | Noticed a sky beast
  1860 | D:4      | Killed a sky beast
  1861 | D:4      | Reached XP level 5. HP: 39/47 MP: 4/4
  1895 | D:4      | Reached skill level 5 in Shields
  1898 | D:4      | Reached skill level 5 in Fighting
  2083 | D:4      | Reached skill level 5 in Armour
  2083 | D:4      | Reached XP level 6. HP: 56/56 MP: 5/5
  2172 | D:4      | Reached skill level 5 in Polearms
  2204 | D:4      | Found a staircase to the Ecumenical Temple.
  2214 | Temple   | Entered the Ecumenical Temple
  2284 | Temple   | Became a worshipper of Warmaster Okawaru
  2515 | D:4      | Noticed a water moccasin
  2523 | D:4      | Killed a water moccasin
  2523 | D:4      | Reached * piety under Okawaru
  2524 | D:4      | Reached XP level 7. HP: 61/61 MP: 6/6
  2766 | D:5      | Entered Level 5 of the Dungeon
  2822 | D:5      | Reached skill level 1 in Dodging
  2855 | D:5      | Found an ornate altar of the Wu Jian Council.
  2876 | D:5      | Reached skill level 6 in Shields
  2891 | D:5      | Reached ** piety under Okawaru
  2961 | D:5      | Reached XP level 8. HP: 70/70 MP: 7/7
  3176 | D:5      | Noticed Blork the orc
  3186 | D:5      | Killed Blork the orc
  3541 | D:6      | Reached skill level 7 in Shields
  3560 | D:6      | Reached skill level 1 in Throwing
  3680 | D:6      | Reached *** piety under Okawaru
  3744 | D:6      | Found a sparkling altar of Nemelex Xobeh.
  3969 | D:7      | Noticed a cyclops
  3970 | D:7      | Reached XP level 9. HP: 77/77 MP: 8/8
  3978 | D:7      | Killed a cyclops
  3978 | D:7      | Noticed a boulder beetle
  3986 | D:7      | Killed a boulder beetle
  3986 | D:7      | Reached **** piety under Okawaru
  3987 | D:7      | Reached skill level 10 in Polearms
  3987 | D:7      | Reached skill level 1 in Stealth
  3987 | D:7      | Reached skill level 8 in Shields
  3987 | D:7      | Identified the ring "Sanav" {rC+ Str+2}
  3989 | D:7      | Noticed a cyclops
  4101 | D:7      | Killed a cyclops
  4313 | D:7      | Reached ***** piety under Okawaru
  4407 | D:7      | Found a radiant altar of Vehumet.
  4438 | D:7      | Found a glowing silver altar of Zin.
  4457 | D:7      | Got Lolam's Opusculum on Ruinous Feathers
  4482 | D:7      | Reached XP level 10. HP: 86/86 MP: 9/9
  4718 | D:7      | Found a snail-covered altar of Cheibriados.
  4771 | D:7      | Reached skill level 9 in Shields
  4962 | D:7      | Identified the +3 buckler of Okawaru's Generosity {Rampage
                  | +Blink +Inv Will-} (Okawaru gifted it to you on level 7 of
                  | the Dungeon)
  4962 | D:7      | Received a gift from Okawaru
  5240 | D:7      | Noticed a brown ugly thing
  5256 | D:7      | Killed a brown ugly thing
  5596 | D:8      | Found a white marble altar of Elyvilon.
  5597 | D:8      | Found a shadowy altar of Dithmenos.
  6060 | D:8      | Noticed Psyche
  6081 | D:8      | Killed Psyche
  6654 | D:9      | Noticed Maggie
  6665 | D:9      | Killed Maggie
  6666 | D:9      | Reached skill level 10 in Shields
  6794 | D:9      | Reached XP level 11. HP: 77/94 MP: 10/10
  6802 | D:9      | Reached skill level 5 in Dodging
  7044 | D:9      | Found a hide-covered altar of Uskayaw.
  7115 | D:10     | Entered Level 10 of the Dungeon
  7251 | D:10     | Received a gift from Okawaru
  7477 | D:10     | Noticed Maurice
  7492 | D:10     | Killed Maurice
  7492 | D:10     | Received a gift from Okawaru
  7580 | D:10     | Found a staircase to the Lair.
  7727 | D:10     | Reached skill level 15 in Polearms
  7932 | D:11     | Noticed Grum
  7953 | D:11     | Killed Grum
  7954 | D:11     | Reached skill level 11 in Shields
  8112 | D:11     | Found Gimiargh's Assorted Antiques.
  8117 | D:11     | Bought a scroll of identify for 76 gold pieces
  8225 | D:11     | Reached skill level 10 in Fighting
  8367 | D:11     | Identified the +7 chain mail "Raysuq" {rF+ Dex+3}
  8401 | D:11     | Noticed Urug
  8420 | D:11     | Killed Urug
  8420 | D:11     | Received a gift from Okawaru
  8523 | D:11     | Noticed Gastronok
  8545 | D:11     | Killed Gastronok
  8546 | D:11     | Reached skill level 10 in Armour
  8611 | D:11     | Noticed an orange crystal statue
  9041 | D:11     | Noticed a two-headed ogre
  9104 | D:11     | Killed an orange crystal statue
  9105 | D:11     | Reached XP level 12. HP: 33/107 MP: 0/11
  9433 | D:11     | Noticed a two-headed ogre
  9441 | D:11     | Killed a two-headed ogre
  9820 | D:12     | Reached skill level 12 in Shields
 10091 | D:12     | Found a staircase to the Orcish Mines.
 10118 | D:12     | Found a gate leading to a gauntlet.
 10127 | Gauntlet | Entered a Gauntlet
 10127 | Gauntlet | Found a transporter.
 10127 | Gauntlet | Found a transporter.
 10128 | Gauntlet | Found a transporter.
 10129 | Gauntlet | Found a transporter.
 10132 | Gauntlet | Found a transporter.
 10133 | Gauntlet | Found a transporter.
 10139 | Gauntlet | Found a transporter.
 10140 | Gauntlet | Found a runed translucent door.
 10145 | Gauntlet | Found a transporter.
 10191 | Gauntlet | Identified the +2 robe "Poger" {Rampage rC+} (Okawaru
                  | gifted it to you in a Gauntlet)
 10191 | Gauntlet | Received a gift from Okawaru
 10243 | Gauntlet | Found a transporter.
 10272 | Gauntlet | Noticed a hell hog
 10286 | Gauntlet | Killed a hell hog
 10288 | Gauntlet | Found a transporter.
 10301 | Gauntlet | Reached skill level 13 in Shields
 10310 | Gauntlet | Identified the +3 cloak "Deikk" {*Corrode rF+ Stlth+}
 10376 | Gauntlet | Identified the +7 glaive "Setumig" {distort, rN+ Will+
                  | Str+6 Stlth+}
 10376 | Gauntlet | Noticed a minotaur
 10401 | Gauntlet | Killed a minotaur
 10411 | Gauntlet | Identified the +10 kite shield "Kyom Byli" {rPois Int+4}
 10423 | Gauntlet | Identified the +0 hat of the Orb {rN+ Str+3 Slay-2}
 10437 | Gauntlet | Got Sif Muna's Catalogue of Malevolent Rituals and the
                  | Winter
 10673 | D:12     | You fall into a shaft and drop 2 floors!
 10710 | D:14     | Noticed a centaur warrior
 10713 | D:14     | Noticed a centaur warrior
 10716 | D:14     | Identified the +1 short sword of Bixorph {flame, rF- rC+
                  | rCorr}
 10718 | D:14     | Killed a centaur warrior
 10718 | D:14     | Noticed a two-headed ogre
 10724 | D:14     | Killed a centaur warrior
 10728 | D:14     | Killed a two-headed ogre
 10731 | D:14     | Reached skill level 14 in Shields
 10735 | D:14     | Reached skill level 1 in Invocations
 10736 | D:14     | Reached XP level 13. HP: 12/117 MP: 8/12
 12120 | D:14     | Identified the +6 spear of Ydysukk {antimagic, Drain *Slow
                  | rF+ Will++} (Okawaru gifted it to you on level 14 of the
                  | Dungeon)
 12120 | D:14     | Received a gift from Okawaru
 12121 | D:14     | Reached skill level 15 in Shields
 12712 | D:14     | HP: 3/119 [vault guard/+0 bardiche (13)]
 12718 | D:14     | Reached ****** piety under Okawaru
 13052 | D:14     | Found a gate to the Vaults.
 13208 | D:15     | Entered Level 15 of the Dungeon
 13241 | D:15     | Received a gift from Okawaru
 13282 | D:15     | Noticed a fire dragon
 13297 | D:15     | Killed a fire dragon
 13298 | D:15     | Reached skill level 16 in Shields
 13499 | D:15     | Paralysed by an ogre mage for 3 turns
 13507 | D:15     | Reached XP level 14. HP: 122/129 MP: 13/13
 13660 | Lair:1   | Entered Level 1 of the Lair of Beasts
 14476 | Lair:2   | Received a gift from Okawaru
 14596 | Lair:2   | Found the +0 toga "Victory" {*Victory Clar}
 14675 | Lair:2   | Reached skill level 17 in Shields
 14842 | Lair:2   | Found a staircase to the Swamp.
 15163 | Lair:2   | Found a hole to the Spider Nest.
 15657 | Swamp:1  | Entered Level 1 of the Swamp
 16791 | Swamp:2  | Noticed a tentacled monstrosity
 16792 | Swamp:2  | Reached skill level 18 in Shields
 16808 | Swamp:2  | Killed a tentacled monstrosity
 16845 | Swamp:2  | Identified the +3 ring mail of Efyrhuax {rF+} (Okawaru
                  | gifted it to you on level 2 of the Swamp)
 16845 | Swamp:2  | Received a gift from Okawaru
 17271 | Swamp:2  | Reached XP level 15. HP: 124/139 MP: 14/14
 17644 | Swamp:3  | Noticed a tentacled monstrosity
 17656 | Arena    | Entered the Arena
 17662 | Arena    | Killed a tentacled monstrosity
 17914 | Swamp:3  | Noticed Nikola
 17939 | Swamp:3  | Killed Nikola
 18128 | Swamp:3  | Noticed a thorn hunter
 18137 | Swamp:3  | Killed a thorn hunter
 18321 | Swamp:4  | Entered Level 4 of the Swamp
 18758 | Swamp:4  | Reached skill level 19 in Shields
 18965 | Swamp:4  | Received a gift from Okawaru
 18983 | Swamp:4  | Reached skill level 15 in Fighting
 19189 | Swamp:4  | Noticed the 27-headed Lernaean hydra
 20210 | Swamp:4  | Noticed a fenstrider witch
 20221 | Swamp:4  | Killed a fenstrider witch
 20265 | Swamp:4  | Got a decaying rune of Zot
 20316 | Swamp:4  | Killed the 27-headed Lernaean hydra
 20316 | Swamp:4  | Identified the +5 ring mail of Baldness {Dex+3} (Okawaru
                  | gifted it to you on level 4 of the Swamp)
 20316 | Swamp:4  | Received a gift from Okawaru
 20880 | D:12     | Upgraded the game from 0.30-a0-897-ga2f19c967e to
                  | 0.30-a0-912-ge10d75a369
 20905 | Orc:1    | Entered Level 1 of the Orcish Mines
 21139 | Orc:1    | Reached XP level 16. HP: 136/149 MP: 16/16
 21445 | Orc:2    | Entered Level 2 of the Orcish Mines
 21540 | Orc:2    | Reached skill level 20 in Shields
 21799 | Orc:2    | Found a staircase to the Elven Halls.
 21942 | Orc:2    | Found Jedulusi's Jewellery Shop.
 21999 | Orc:2    | Found Lyxey's Assorted Antiques.
 21999 | Orc:2    | Found Aghidiva's Assorted Antiques.
 22001 | Orc:2    | Found Wexil's Jewellery Emporium.
 22003 | Orc:2    | Found Remuth's Antique Armour Boutique.
 22017 | Orc:2    | Bought a scroll of enchant weapon for 150 gold pieces
 22018 | Orc:2    | Bought a wooden ring for 145 gold pieces
 22216 | Spider:1 | Entered Level 1 of the Spider Nest
 22488 | Spider:1 | Found a runed translucent gate.
 22488 | Spider:1 | Found a runed translucent gate.
 22490 | Spider:1 | Found a runed translucent gate.
 22503 | Spider:1 | Noticed Peveen Urom's ghost (adept HOFi)
 22575 | Spider:1 | Noticed Donald
 22583 | Spider:1 | Killed Donald
 23340 | Spider:1 | You fall into a shaft and drop 1 floor!
 23785 | Spider:2 | Reached skill level 21 in Shields
 23823 | Spider:2 | Identified the +1 scale mail of Wiraluos {rPois} (Okawaru
                  | gifted it to you on level 2 of the Spider Nest)
 23823 | Spider:2 | Received a gift from Okawaru
 24448 | Spider:3 | Identified the +2 ring mail "Racerhuwn" {rC+ Will+ Str+3
                  | Dex+2}
 24492 | Spider:3 | Noticed Agnes
 24499 | Spider:3 | Killed Agnes
 24595 | Spider:3 | Identified the scarf of the Golden Stag {+Inv, Regen+
                  | Str+4}
 24641 | Spider:3 | Identified a scroll of acquirement
 24642 | Spider:3 | Acquired the +18 Lear's hauberk
 24642 | Spider:3 | Found the +18 Lear's hauberk
 24856 | Spider:3 | Found a runed translucent door.
 24857 | Spider:3 | Noticed Goaghut's ghost (adept KoBe)
 24859 | Spider:3 | Found the +3 robe of Clouds {*Thunder rCloud rElec}
 24974 | Spider:3 | Killed Goaghut's ghost
 25091 | Spider:4 | Entered Level 4 of the Spider Nest
 25263 | Spider:4 | Noticed Mlioglotl
 25308 | Spider:4 | Killed Mlioglotl
 25309 | Spider:4 | Reached skill level 22 in Shields
 25636 | Spider:4 | Reached XP level 17. HP: 159/159 MP: 17/17
 25964 | Spider:4 | Received a gift from Okawaru
 26233 | Spider:4 | Received a gift from Okawaru
 26393 | Spider:4 | Got a gossamer rune of Zot
 27052 | Vaults:1 | Entered Level 1 of the Vaults
 27073 | Vaults:1 | Noticed Asterion
 27339 | Vaults:1 | Reached skill level 23 in Shields
 27379 | Vaults:1 | Received a gift from Okawaru
 27443 | Vaults:1 | Paralysed by a great orb of eyes for 4 turns
 27576 | Vaults:1 | Killed Asterion
 27867 | Vaults:1 | Received a gift from Okawaru
 28161 | Vaults:1 | Reached XP level 18. HP: 170/170 MP: 18/18
 28314 | Vaults:1 | Found a runed translucent gate.
 28316 | Vaults:1 | Found a runed translucent gate.
 28317 | Vaults:1 | Found a runed translucent gate.
 28317 | Vaults:1 | Noticed Kugyfig's ghost (adept MiBe)
 28320 | Vaults:1 | Found a viscous altar of Jiyva.
 28708 | Vaults:1 | Identified the +0 ring mail of the Game of Life {*Corrode
                  | Str+4} (Okawaru gifted it to you on level 1 of the Vaults)
 28708 | Vaults:1 | Received a gift from Okawaru
 28709 | Vaults:1 | Reached skill level 15 in Armour
 28709 | Vaults:1 | Reached skill level 24 in Shields
 29275 | Vaults:2 | Found a staircase to the Crypt.
 29303 | Vaults:2 | Found Muhoalad's Distillery.
 29311 | Vaults:2 | Bought a potion of curing for 57 gold pieces
 29311 | Vaults:2 | Bought a potion of curing for 57 gold pieces
 29661 | Vaults:2 | Identified the +0 robe of Insurance {Str+2 Stlth+}
 29742 | Vaults:2 | Paralysed by a sphinx for 5 turns
 29913 | Vaults:2 | Identified the +0 pair of boots of Iheexes {Int+3} (Okawaru
                  | gifted it to you on level 2 of the Vaults)
 29913 | Vaults:2 | Received a gift from Okawaru
 30057 | Vaults:2 | Identified the +4 great sword of Circular Logic {flame,
                  | *Noise rPois Str+2 Int+6}
 30078 | Vaults:2 | Gained mutation: You occasionally shout uncontrollably at
                  | your foes. [potion of mutation]
 30078 | Vaults:2 | Gained mutation: You have sharp toenails. [potion of
                  | mutation]
 30079 | Vaults:2 | Lost mutation: You occasionally shout uncontrollably at
                  | your foes. [potion of mutation]
 30079 | Vaults:2 | Lost mutation: You have sharp toenails. [potion of
                  | mutation]
 30079 | Vaults:2 | Gained mutation: You are strong-willed. (Will+) [potion of
                  | mutation]
 30079 | Vaults:2 | Gained mutation: You have an increased reservoir of magic.
                  | (+10% MP) [potion of mutation]
 30079 | Vaults:2 | Gained mutation: You are occasionally teleported next to
                  | monsters. [potion of mutation]
 30080 | Vaults:2 | Lost mutation: You are strong-willed. (Will+) [potion of
                  | mutation]
 30080 | Vaults:2 | Lost mutation: You have an increased reservoir of magic.
                  | (+10% MP) [potion of mutation]
 30080 | Vaults:2 | Gained mutation: Your body sometimes deteriorates upon
                  | taking damage. [potion of mutation]
 30081 | Vaults:2 | Lost mutation: You are occasionally teleported next to
                  | monsters. [potion of mutation]
 30081 | Vaults:2 | Lost mutation: Your body sometimes deteriorates upon taking
                  | damage. [potion of mutation]
 30081 | Vaults:2 | Gained mutation: You have supernaturally acute eyesight.
                  | (SInv) [potion of mutation]
 30081 | Vaults:2 | Gained mutation: Your magical capacity is low. (-10% MP)
                  | [potion of mutation]
 30115 | Vaults:2 | Noticed a golden dragon
 30134 | Vaults:2 | Killed a golden dragon
 30266 | Vaults:2 | Found Mosam's Weapon Emporium.
 30304 | Vaults:2 | Reached skill level 25 in Shields
 30564 | Vaults:3 | Reached XP level 19. HP: 181/181 MP: 17/17
 31207 | Vaults:3 | Paralysed by a great orb of eyes for 2 turns
 31701 | Vaults:3 | Noticed Mara
 31711 | Vaults:3 | Killed Mara
 31745 | Vaults:3 | Identified the +0 robe "Icum" {Dex+2}
 31926 | Vaults:3 | Identified the scarf "Dobit" {harm, MP+9 Int+8} (Okawaru
                  | gifted it to you on level 3 of the Vaults)
 31926 | Vaults:3 | Received a gift from Okawaru
 32890 | Vaults:4 | Reached skill level 10 in Dodging
 32908 | Vaults:4 | HP: 3/184 [sphinx/divine providence (14)]
 32909 | Vaults:4 | Shot with a bolt by a yaktaur

Illustrated notes

Levels and vault maps discovered:
D:1:      kilobyte_arrival_exit_the_forest, layout_rooms,
          chequers_ecumenical_altar_simple
D:2:      wander_river, layout_basic, minmay_misc_feat_encased
D:3:      layout_loops_ring, corexii_corridor_pit
D:4:      layout_loops_cross, temple_fountains, minmay_splitting_lines
D:5:      layout_rooms, general_overflow_altar, kennysheep_big_empty_room,
          abandoned_shop, minivault_1, uniq_blork_the_orc
D:6:      layout_rooms, nemelex_diamond_rough_becter
D:7:      layout_loops_corners, fiery_altar_vehumet, kennysheep_slug_shrine,
          zin_academy, minmay_the_grid_2x2 [minmay_the_grid_minigrid_large,
          minmay_the_grid_slots, minmay_the_grid_stretched_grid,
          minmay_the_grid_prize_trominoes]
D:8:      layout_basic, nicolae_overflow_squiral, uniq_psyche
D:9:      layout_irregular_city, nicolae_uskayaw_suspiria, uniq_maggie
D:10:     layout_small_grid, due_lair_maze_entry_diamond, uniq_maurice
D:11:     layout_loops_ring, serial_shops, nicolae_square_shop, minivault_16,
          hangedman_incinerator, uniq_urug, uniq_gastronok, uniq_grum
D:12:     layout_loops_ring, david_orc_3, gauntlet_entry_generic,
          minmay_orc_keep
D:13:     layout_cave_pools
D:14:     layout_stronghold, david_vaults_5, grunt_decor_one_mirror,
          eino_house_with_fridge
D:15:     grunt_enter_depths_hoard, layout_irregular_city,
          nicolae_gozag_seed_capital, minmay_quadrilaterals
Temple:   eino_narrow_crystal_temple
Lair:1:   layout_loops_ring
Lair:2:   layout_cave_pods, minmay_swamp_entry_worms, dummy_spider_entry,
          serial_bayou_shore_a
Swamp:1:  layout_falls_marsh, serial_swamp_ruin, evilmike_swamp_ruin_house_2,
          evilmike_swamp_ruin_house_3
Swamp:2:  layout_basic_swamp, evilmike_swamp_ruin_wall, swamp_pool2
Swamp:3:  nicolae_swamp_ascending_descending, layout_falls_marsh,
          hangedman_swamp_ruin_wall, uniq_nikola
Swamp:4:  swamp_old_school, layout_basic_swamp
Spider:1: layout_chambers, gammafunk_ghost_necromancy, uniq_donald
Spider:2: layout_spider_delve, drop_trap, hangedman_spider_tarantella_strand
Spider:3: layout_spider_delve, ebering_ghost_inner_flame, uniq_agnes
Spider:4: grunt_spider_rune_parallel, uniq_mlioglotl
Orc:1:    layout_caves, serial_shops
Orc:2:    st_orc_rangers, layout_caves, serial_shops, nicolae_shop_behind_doors
Vaults:1: gammafunk_ghost_ooze, ontoclasm_vaults_shuriken,
          hangedman_vaults_river_flow, nicolae_vaults_windows_and_doors_thing,
          ontoclasm_vaults_misaligned, st_octagons_2,
          nicolae_vaults_twisting_passages, v_alt_pattern_3,
          nicolae_vaults_circle_grid_a, v_misc_2, hangedman_vaults_capsules,
          serial_ice_b, nicolae_vaults_three_branches, ontoclasm_vaults_gateway,
          v_alt_pattern_4, layout_vaults_maze_snakey, uniq_asterion
Vaults:2: grunt_vaults_funnel, st_greater_box_3,
          minmay_crypt_entry_skeletal_spiral, nicolae_vaults_shelves_hall,
          v_alt_pattern_4, dpeg_vaults_monster_box, nicolae_vaults_rhombus_5,
          vaults_dpeg_ring, vaults_room_pools, nicolae_vaults_little_squares_1,
          layout_vaults_big_room, serial_shops, shop
Vaults:3: mu_enter_wizlab_4, ontoclasm_vaults_misaligned, vaults_dpeg_spiral,
          nicolae_vaults_mini_display_case, v_alt_pattern_1,
          vaults_standard_mumra_lines, vaults_room_pool,
          nicolae_vaults_little_squares_2, layout_vaults_quadrants, uniq_mara
Vaults:4: vaults_mumra_bighexcomb, v_misc_28, nicolae_vaults_circle_grid_b,
          v_misc_17, nicolae_vaults_stairing_the_circle, ontoclasm_vaults_fault,
          hangedman_vaults_stream, v_misc_29, nicolae_vaults_big_ls,
          nicolae_vaults_what_the_h, nicolae_vaults_little_squares_4,
          layout_vaults_ring

Skill      XL: |  1  2  3  4  5  6  7  8  9 10 11 12 13 14 15 16 17 18 19 |
---------------+----------------------------------------------------------+-----
Shields        | 4 5 6 7 8 10 11 14 16 18 19 22 23 25 | 25.9
Fighting       | 4 5 6 7 8 10 11 13 14 15 16 17 18 19 | 19.7
Armour         | 4 5 6 7 9 10 12 13 14 15 | 15.5
Polearms       | 3 4 6 7 9 11 13 15 17 18 19 20 21 22 23 | 23.0
Dodging        | 1 2 4 5 6 7 8 9 10 | 10.0
Throwing       | 1 2 3 4 |  4.6
Stealth        | 1 2 3 |  3.2
Invocations    | 1 2 |  2.4
Evocations     | |  0.9

Action                     |  1- 3 |  4- 6 |  7- 9 | 10-12 | 13-15 | 16-18 | 19-21 || total
---------------------------+-------+-------+-------+-------+-------+-------+-------++-------
  Melee: Trident           |   104 |    71 |   208 |   822 |       |       |       ||  1205
         Headbutt          |    15 |     8 |    28 |   167 |   233 |   381 |   105 ||   937
         Demon trident     |       |       |       |    43 |  1179 |  1751 |   401 ||  3374
         Punch             |       |       |       |       |     1 |       |       ||     1
  Throw: Boomerang         |       |     1 |     9 |     2 |       |       |       ||    12
         Javelin           |       |       |       |     9 |    15 |    49 |     6 ||    79
         Dart              |       |       |       |       |       |     1 |       ||     1
 Invoke: Heroism           |       |       |       |     6 |     7 |     9 |     1 ||    23
         Finesse           |       |       |       |       |     1 |       |       ||     1
         Duel              |       |       |       |       |     1 |       |       ||     1
  Evoke: Wand              |       |       |       |       |     4 |     3 |       ||     7
         Lightning rod     |       |       |       |       |       |     1 |     1 ||     2
    Use: Scroll            |     5 |     5 |     2 |    11 |    15 |    14 |     6 ||    58
         Potion            |       |     1 |       |     3 |     6 |     8 |     1 ||    19
   Stab: Distracted        |       |       |       |       |       |       |     1 ||     1
 Armour: Scale mail        |    37 |    18 |    46 |    88 |       |       |       ||   189
         Chain mail        |       |       |       |   127 |   398 |   269 |    44 ||   838
  Dodge: Dodged            |    26 |    13 |    43 |   317 |   338 |   372 |    92 ||  1201
  Block: Buckler           |    32 |    23 |    72 |    18 |       |       |       ||   145
         Reflection        |       |     1 |     7 |    23 |    20 |   146 |    25 ||   222
         Kite shield       |       |       |       |   514 |  1158 |  1631 |   333 ||  3636
         Other             |       |       |       |     1 |     4 |       |       ||     5

Table legend: (Time is in decaauts)
 A = Elapsed time spent in this place.
 B = Non-inter-level travel time spent in this place.
 C = Inter-level travel time spent in this place.
 D = Time resting spent in this place.
 E = Time spent auto-exploring this place.
 F = Levels seen in this place.
 G = Mean time per level.
                   A        B        C        D        E       F      G
               +--------+--------+--------+--------+--------+-----+--------+
         Total |  31815 |  30239 |   1576 |   3539 |  19577 |  34 |  935.7 |
       Dungeon |  13308 |  12496 |    812 |   1219 |   8700 |  15 |  887.2 |
        Temple |    171 |    160 |     11 |      0 |    152 |   1 |  171.0 |
          Lair |   2068 |   1849 |    219 |      0 |   1543 |   2 | 1034.0 |
         Swamp |   5100 |   4936 |    164 |   1124 |   2993 |   4 | 1275.0 |
   Spider Nest |   4367 |   4243 |    124 |    555 |   2448 |   4 | 1091.8 |
  Orcish Mines |   1094 |   1029 |     65 |      0 |    767 |   2 |  547.0 |
        Vaults |   5405 |   5226 |    179 |    641 |   2920 |   4 | 1351.2 |
      Gauntlet |    289 |    289 |      0 |      0 |     53 |   1 |  289.0 |
         Arena |      8 |      8 |      0 |      0 |      0 |   1 |    8.0 |
               +--------+--------+--------+--------+--------+-----+--------+

Top non-repeatable levels by time:
 Swamp:4: 2396 daAuts
    D:11: 1948 daAuts
Vaults:1: 1655 daAuts
    D:14: 1631 daAuts
Spider:4: 1597 daAuts
Vaults:2: 1528 daAuts
     D:7: 1515 daAuts
Vaults:3: 1336 daAuts
Spider:1: 1303 daAuts
    D:12: 1291 daAuts
  Lair:2: 1285 daAuts
 Swamp:1: 1013 daAuts
    D:10: 909 daAuts
 Swamp:2: 885 daAuts
Vaults:4: 884 daAuts
